SOL
MONTGOMERY REBELS @ BIRMINGHAM BARONS
06/09/1982
 
TOP OF THE 1ST
Montgomery Rebels batting - Pitching for Birmingham Barons : RHP Buddy Maher
Pitching: RHP Buddy Maher
Batting: SHB Arthur Fischetti 0-0: Ball
1-0: Bunted foul
1-1: Called Strike
1-2: Foul Ball, location: 2F
1-2: Foul Ball, location: 2F
1-2: Hit by Pitch
Batting: LHB Dwayne Murphy 0-0: Called Strike
0-1: Foul Ball, location: 2F
0-2: Ball
1-2: Ball
2-2: Ball
3-2: Ground out U3 (Groundball, 3S, EV 65.0 MPH)
Arthur Fischetti to second
Batting: LHB Ray Crowley 0-0: Called Strike
0-1: Ground out 4-3 (Groundball, 4, EV 100.6 MPH)
Arthur Fischetti to third
Batting: RHB Milt Jefferson 0-0: Reached on error, E3 (Groundball, 34, EV 84.4 MPH)
Arthur Fischetti scores
Batting: RHB Nate Tria 0-0: Ball
1-0: Foul Ball, location: 2F
1-1: Fly out, F8 (Flyball, 8RM, EV 86.9 MPH)
Top of the 1st over - 1 run, 0 hits, 1 error, 1 left on base; Montgomery 1 - Birmingham 0
BOTTOM OF THE 1ST
Birmingham Barons batting - Pitching for Montgomery Rebels : LHP Charley Noble
Pitching: LHP Charley Noble
Batting: RHB Bob Bathe 0-0: Ball
1-0: Foul Ball, location: 2F
1-1: Foul Ball, location: 2F
1-2: Ball
2-2: DOUBLE (Line Drive, 7LM, EV 104.4 MPH)
Batting: RHB Robin Townley 0-0: Foul Ball, location: 2F
0-1: Ball
1-1: Ground out 1-3 (Groundball, 34S, EV 64.4 MPH)
Bob Bathe to third
Batting: RHB Tim Hulett 0-0: Called Strike
0-1: Foul Ball, location: 2F
0-2: Ball
1-2: Strikes out looking
Batting: RHB Bill R Moore 0-0: Foul Ball, location: 2F
0-1: Ball
1-1: Swinging Strike
1-2: Strikes out swinging
Bottom of the 1st over - 0 runs, 1 hit, 0 errors, 1 left on base; Montgomery 1 - Birmingham 0
TOP OF THE 2ND
Montgomery Rebels batting - Pitching for Birmingham Barons : RHP Buddy Maher
Batting: RHB Roberto Palacios 0-0: Ball
1-0: Fly out, F6 (Popup, 6MD, EV 68.8 MPH)
Batting: RHB Jeff Schumaker 0-0: Called Strike
0-1: Called Strike
0-2: Ball
1-2: Ball
2-2: Foul Ball, location: 2F
2-2: Ground out 4-3 (Groundball, 4S, EV 93.1 MPH)
Batting: SHB Mike Thorpe 0-0: Foul Ball, location: 2F
0-1: Called Strike
0-2: Ball
1-2: Ground out 2-3 (Groundball, 2R, EV 70.0 MPH)
Top of the 2nd over - 0 runs, 0 hits, 0 errors, 0 left on base; Montgomery 1 - Birmingham 0
BOTTOM OF THE 2ND
Birmingham Barons batting - Pitching for Montgomery Rebels : LHP Charley Noble
Batting: LHB Vernon Ramie 0-0: Swinging Strike
0-1: Swinging Strike
0-2: Ball
1-2: Ball
2-2: Ball
3-2: Ground out 6-3 (Groundball, 6, EV 106.3 MPH)
Batting: RHB Daniel Johnson 0-0: Called Strike
0-1: Ball
1-1: Ball
2-1: Foul Ball, location: 2F
2-2: Ball
3-2: Strikes out swinging
Batting: LHB Joe Szekely 0-0: Called Strike
0-1: Fly out, F9 (Flyball, 9, EV 80.6 MPH)
Bottom of the 2nd over - 0 runs, 0 hits, 0 errors, 0 left on base; Montgomery 1 - Birmingham 0
TOP OF THE 3RD
Montgomery Rebels batting - Pitching for Birmingham Barons : RHP Buddy Maher
Batting: LHB Michael Shinn 0-0: Called Strike
0-1: Ball
1-1: Foul Ball, location: 2F
1-2: Foul Ball, location: 2F
1-2: Foul Ball, location: 2F
1-2: Ball
2-2: Ball
3-2: Base on Balls
Batting: SHB Arthur Fischetti 0-0: Called Strike
0-1: Foul Ball, location: 2F
0-2: SINGLE (Line Drive, 9S, EV 98.1 MPH)
Michael Shinn to second
Runner from 2nd tries for 3rd, SAFE, throw by RF made to third
Batting: LHB Dwayne Murphy 0-0: Ball
1-0: Ball
Wild Pitch!
Michael Shinn scores
Arthur Fischetti to second
2-0: Foul Ball, location: 2F
2-1: Ground out 6-3 (Groundball, 6, EV 76.9 MPH)
Arthur Fischetti to third
Batting: LHB Ray Crowley 0-0: Ball
1-0: Ball
2-0: Called Strike
2-1: Ball
3-1: Called Strike
3-2: Foul Ball, location: 2F
3-2: Fly out, F7 (Flyball, 7D, EV 74.4 MPH)
Runner from 3rd tags up, SCORES, no throw by LF
Batting: RHB Milt Jefferson 0-0: Ball
1-0: Called Strike
1-1: Fly out, F8 (Line Drive, 8RD, EV 91.9 MPH)
Top of the 3rd over - 2 runs, 1 hit, 0 errors, 0 left on base; Montgomery 3 - Birmingham 0
BOTTOM OF THE 3RD
Birmingham Barons batting - Pitching for Montgomery Rebels : LHP Charley Noble
Batting: RHB Rod Johnson 0-0: Ball
1-0: Ball
2-0: Called Strike
2-1: DOUBLE (Flyball, 8RD, EV 91.9 MPH)
Batting: SHB Giampietro Pasquetto 0-0: Foul Ball, location: 2F
0-1: Ball
1-1: Ball
2-1: SINGLE (Groundball, 15S, EV 71.9 MPH) (infield hit)
Rod Johnson to third
Batting: RHB Bob Bathe 0-0: Ball
1-0: Ball
2-0: Ball
3-0: Base on Balls
Giampietro Pasquetto to second
Batting: RHB Robin Townley 0-0: Ball
1-0: Foul Ball, location: 2F
1-1: Foul Ball, location: 2F
1-2: SINGLE (Flyball, 9S, EV 89.4 MPH)
Rod Johnson scores
Giampietro Pasquetto to third
Bob Bathe to second
Batting: RHB Tim Hulett 0-0: Called Strike
0-1: Called Strike
0-2: Ball
1-2: Ball
Wild Pitch!
Giampietro Pasquetto scores
Bob Bathe to third
Robin Townley to second
2-2: DOUBLE (Line Drive, 7LM, EV 102.5 MPH)
Bob Bathe scores
Robin Townley scores
Batting: RHB Bill R Moore 0-0: Fly out, F7 (Line Drive, 7, EV 101.9 MPH)
Batting: LHB Vernon Ramie 0-0: Ball
1-0: Ball
2-0: Called Strike
2-1: Foul Ball, location: 2F
2-2: Ground out 6-3 (Groundball, 6, EV 96.3 MPH)
Batting: RHB Daniel Johnson 0-0: Ball
1-0: Ball
2-0: Foul Ball, location: 2F
2-1: Fly out, F9 (Flyball, 9, EV 78.8 MPH)
Bottom of the 3rd over - 4 runs, 4 hits, 0 errors, 1 left on base; Montgomery 3 - Birmingham 4
TOP OF THE 4TH
Montgomery Rebels batting - Pitching for Birmingham Barons : RHP Buddy Maher
Batting: RHB Nate Tria 0-0: Ball
1-0: Ball
2-0: Ball
3-0: Base on Balls
Batting: RHB Roberto Palacios 0-0: Called Strike
0-1: Ball
1-1: Ball
2-1: Ball
3-1: Base on Balls
Nate Tria to second
Batting: RHB Jeff Schumaker 0-0: Foul Ball, location: 2F
0-1: Foul Ball, location: 2F
0-2: Foul Ball, location: 2F
0-2: Ball
1-2: Grounds into double play, 4-6-3 (Groundball, 4M, EV 103.8 MPH)
Nate Tria to third
Batting: SHB Mike Thorpe 0-0: Ball
1-0: Ball
2-0: Ground out U3 (Groundball, 3, EV 77.5 MPH)
Top of the 4th over - 0 runs, 0 hits, 0 errors, 1 left on base; Montgomery 3 - Birmingham 4
BOTTOM OF THE 4TH
Birmingham Barons batting - Pitching for Montgomery Rebels : LHP Charley Noble
Batting: LHB Joe Szekely 0-0: Foul Ball, location: 2F
0-1: Called Strike
0-2: Foul Ball, location: 2F
0-2: Strikes out swinging
Batting: RHB Rod Johnson 0-0: Ball
1-0: Foul Ball, location: 2F
1-1: Foul Ball, location: 2F
1-2: Ball
2-2: DOUBLE (Line Drive, 9LS, EV 96.3 MPH)
Batting: SHB Giampietro Pasquetto 0-0: Swinging Strike
0-1: Foul Ball, location: 2F
0-2: Ground out 5-3 (Groundball, 5, EV 79.4 MPH)
Batting: RHB Bob Bathe 0-0: Called Strike
0-1: Swinging Strike
0-2: Ball
1-2: Fly out, F5 (Popup, 56S, EV 73.1 MPH)
Bottom of the 4th over - 0 runs, 1 hit, 0 errors, 1 left on base; Montgomery 3 - Birmingham 4
TOP OF THE 5TH
Montgomery Rebels batting - Pitching for Birmingham Barons : RHP Buddy Maher
Batting: LHB Michael Shinn 0-0: Ball
1-0: Ball
2-0: Called Strike
2-1: Ball
3-1: Foul Ball, location: 2F
3-2: Base on Balls
Batting: SHB Arthur Fischetti 0-0: Ball
1-0: Ball
Michael Shinn steals 2nd base
2-0: Swinging Strike
2-1: Ball
3-1: Base on Balls
Batting: LHB Dwayne Murphy 0-0: Ball
1-0: Called Strike
1-1: Ball
2-1: Ball
3-1: Called Strike
3-2: Grounds out, U3 (Groundball, 3L, EV 77.5 MPH)
Michael Shinn to third
Batting: LHB Ray Crowley 0-0: Called Strike
0-1: SINGLE (Groundball, 4MD, EV 105.0 MPH)
Michael Shinn scores
Arthur Fischetti to third
Runner from 3rd tries for Home, SAFE, throw by CF to home
Batting: RHB Milt Jefferson 0-0: Called Strike
0-1: Called Strike
0-2: Ball
1-2: Fly out, F9 (Flyball, 9LS, EV 86.9 MPH)
Batting: RHB Nate Tria 0-0: Called Strike
0-1: Ball
1-1: Ball
2-1: Foul Ball, location: 2F
2-2: Ball
3-2: Foul Ball, location: 2F
3-2: Base on Balls
Ray Crowley to second
Batting: RHB Roberto Palacios 0-0: Ball
1-0: Fielders Choice at 2nd, 6-4 (Groundball, 6, EV 106.9 MPH)
Top of the 5th over - 2 runs, 1 hit, 0 errors, 2 left on base; Montgomery 5 - Birmingham 4
BOTTOM OF THE 5TH
Birmingham Barons batting - Pitching for Montgomery Rebels : LHP Charley Noble
Batting: RHB Robin Townley 0-0: Ball
1-0: Fly out, F9 (Flyball, 9D, EV 87.5 MPH)
Batting: RHB Tim Hulett 0-0: Swinging Strike
0-1: Foul Ball, location: 2F
0-2: Ball
1-2: Strikes out swinging
Batting: RHB Bill R Moore 0-0: Ball
1-0: Foul Ball, location: 2F
1-1: Swinging Strike
1-2: Foul Ball, location: 2F
1-2: Strikes out swinging
Bottom of the 5th over - 0 runs, 0 hits, 0 errors, 0 left on base; Montgomery 5 - Birmingham 4
TOP OF THE 6TH
Montgomery Rebels batting - Pitching for Birmingham Barons : RHP Buddy Maher
Batting: RHB Jeff Schumaker 0-0: Ball
1-0: Ball
2-0: Ball
3-0: Base on Balls
Batting: SHB Mike Thorpe 0-0: Ball
1-0: Bunted foul
1-1: Sac Bunt to 15S - play at first, batter OUT! 1-4
Jeff Schumaker to second
Batting: LHB Michael Shinn 0-0: Ball
1-0: Foul Ball, location: 2F
1-1: Swinging Strike
1-2: Fly out, F8 (Flyball, 8RM, EV 95.6 MPH)
Batting: SHB Arthur Fischetti 0-0: Foul Ball, location: 2F
0-1: Ball
1-1: Foul Ball, location: 2F
1-2: Foul Ball, location: 2F
1-2: SINGLE (Groundball, 4D, EV 103.8 MPH)
Jeff Schumaker to third
Runner from 3rd tries for Home, SAFE, throw by RF to home
Pitching: RHP Joe Guerrero
Batting: LHB Dwayne Murphy 0-0: Ball
1-0: Fielders Choice at 2nd, 6-4 (Groundball, 6, EV 87.5 MPH)
Top of the 6th over - 1 run, 1 hit, 0 errors, 1 left on base; Montgomery 6 - Birmingham 4
BOTTOM OF THE 6TH
Birmingham Barons batting - Pitching for Montgomery Rebels : LHP Charley Noble
Batting: LHB Vernon Ramie 0-0: Foul Ball, location: 2F
0-1: Foul Ball, location: 2F
0-2: Strikes out swinging
Batting: RHB Daniel Johnson 0-0: Ball
1-0: Called Strike
1-1: Ball
2-1: Foul Ball, location: 2F
2-2: Foul Ball, location: 2F
2-2: Ball
3-2: Ground out 5-3 (Groundball, 56, EV 76.9 MPH)
Batting: LHB Joe Szekely 0-0: Called Strike
0-1: Ground out 6-3 (Groundball, 56, EV 93.1 MPH)
Bottom of the 6th over - 0 runs, 0 hits, 0 errors, 0 left on base; Montgomery 6 - Birmingham 4
TOP OF THE 7TH
Montgomery Rebels batting - Pitching for Birmingham Barons : RHP Joe Guerrero
Batting: LHB Ray Crowley 0-0: Ground out 3-1 (Groundball, 34, EV 106.3 MPH)
Batting: RHB Milt Jefferson 0-0: Fly out, F8 (Flyball, 8LS, EV 78.1 MPH)
Batting: RHB Nate Tria 0-0: Fly out, F9 (Flyball, 9, EV 88.8 MPH)
Top of the 7th over - 0 runs, 0 hits, 0 errors, 0 left on base; Montgomery 6 - Birmingham 4
BOTTOM OF THE 7TH
Birmingham Barons batting - Pitching for Montgomery Rebels : LHP Charley Noble
Batting: RHB Rod Johnson 0-0: Ball
1-0: Ball
2-0: Called Strike
2-1: Ball
3-1: Called Strike
3-2: Base on Balls
Batting: SHB Giampietro Pasquetto 0-0: Bunted foul
0-1: Bunted foul
0-2: Foul Ball, location: 2F
0-2: Fielders Choice at 2nd, 6-4 (Groundball, 6, EV 82.5 MPH)
Batting: RHB Bob Bathe 0-0: Ball
1-0: Called Strike
1-1: Ball
2-1: 2-RUN HOME RUN (Flyball, 7LD, EV 109.4 MPH), Distance : 353 ft
Pitching: RHP Tom Filer
Batting: RHB Robin Townley 0-0: Called Strike
0-1: Foul Ball, location: 2F
0-2: Ball
1-2: Foul Ball, location: 2F
1-2: Foul Ball, location: 2F
1-2: Ground out 6-3 (Groundball, 56, EV 85.0 MPH)
Batting: RHB Tim Hulett 0-0: Ball
1-0: Ground out 2-3 (Groundball, 15S, EV 73.8 MPH)
Bottom of the 7th over - 2 runs, 1 hit, 0 errors, 0 left on base; Montgomery 6 - Birmingham 6
TOP OF THE 8TH
Montgomery Rebels batting - Pitching for Birmingham Barons : RHP Joe Guerrero
Batting: RHB Roberto Palacios 0-0: Ball
1-0: Ball
2-0: Called Strike
2-1: Ground out 6-3 (Groundball, 6, EV 80.6 MPH)
Batting: RHB Jeff Schumaker 0-0: Ball
1-0: Foul Ball, location: 2F
1-1: Ball
2-1: Foul Ball, location: 2F
2-2: Foul Ball, location: 2F
2-2: Foul Ball, location: 2F
2-2: Fly out, F8 (Line Drive, 8RM, EV 93.1 MPH)
Batting: SHB Mike Thorpe 0-0: Ball
1-0: Foul Ball, location: 2F
1-1: Called Strike
1-2: Strikes out swinging
Top of the 8th over - 0 runs, 0 hits, 0 errors, 0 left on base; Montgomery 6 - Birmingham 6
BOTTOM OF THE 8TH
Birmingham Barons batting - Pitching for Montgomery Rebels : RHP Tom Filer
Batting: RHB Bill R Moore 0-0: Foul Ball, location: 2F
0-1: Foul Ball, location: 2F
0-2: Ball
1-2: Ball
2-2: Ball
3-2: Ground out 6-3 (Groundball, 56, EV 103.8 MPH)
Batting: LHB Vernon Ramie 0-0: Called Strike
0-1: Called Strike
0-2: Strikes out swinging
Batting: RHB Daniel Johnson 0-0: Ball
1-0: Ball
2-0: Ball
3-0: Called Strike
3-1: Swinging Strike
3-2: Strikes out swinging
Bottom of the 8th over - 0 runs, 0 hits, 0 errors, 0 left on base; Montgomery 6 - Birmingham 6
TOP OF THE 9TH
Montgomery Rebels batting - Pitching for Birmingham Barons : RHP Joe Guerrero
Pitching: RHP Danny Castillo
Batting: LHB Michael Shinn 0-0: Ground out U3 (Groundball, 34S, EV 88.1 MPH)
Batting: SHB Arthur Fischetti 0-0: Ball
1-0: Swinging Strike
1-1: Foul Ball, location: 2F
1-2: Ball
2-2: Ground out U3 (Groundball, 3L, EV 84.4 MPH)
Batting: LHB Dwayne Murphy 0-0: Ball
1-0: Called Strike
1-1: Fly out, F8 (Flyball, 78S, EV 94.4 MPH)
Top of the 9th over - 0 runs, 0 hits, 0 errors, 0 left on base; Montgomery 6 - Birmingham 6
BOTTOM OF THE 9TH
Birmingham Barons batting - Pitching for Montgomery Rebels : RHP Tom Filer
Batting: LHB Joe Szekely 0-0: Ground out U3 (Groundball, 3, EV 88.8 MPH)
Batting: RHB Rod Johnson 0-0: Foul Ball, location: 2F
0-1: Ball
1-1: Ball
2-1: Fly out, F8 (Flyball, 89M, EV 90.6 MPH)
Pinch Hitting: RHB Anthony Veith 0-0: Called Strike
0-1: Called Strike
0-2: Ball
1-2: Foul Ball, location: 2F
1-2: Ball
2-2: Ball
3-2: Foul Ball, location: 2F
3-2: Strikes out swinging
Bottom of the 9th over - 0 runs, 0 hits, 0 errors, 0 left on base; Montgomery 6 - Birmingham 6
TOP OF THE 10TH
Montgomery Rebels batting - Pitching for Birmingham Barons : RHP Danny Castillo
Now at 2B: James Wallace
Batting: LHB Ray Crowley 0-0: Ball
1-0: Ball
2-0: Swinging Strike
2-1: Ground out 4-3 (Groundball, 4, EV 101.9 MPH)
Batting: RHB Milt Jefferson 0-0: Ball
1-0: Called Strike
1-1: Ball
2-1: Called Strike
2-2: Foul Ball, location: 2F
2-2: Ball
3-2: Base on Balls
Batting: RHB Nate Tria 0-0: Called Strike
0-1: Fly out, F4 (Popup, 3, EV 73.8 MPH)
Batting: RHB Roberto Palacios 0-0: Called Strike
0-1: Swinging Strike
0-2: Strikes out looking
Top of the 10th over - 0 runs, 0 hits, 0 errors, 1 left on base; Montgomery 6 - Birmingham 6
BOTTOM OF THE 10TH
Birmingham Barons batting - Pitching for Montgomery Rebels : RHP Tom Filer
Pitching: RHP Lee Smith
Batting: RHB Bob Bathe 0-0: SINGLE (Groundball, 5S, EV 66.9 MPH) (infield hit)
Batting: RHB Robin Townley 0-0: Ball
1-0: Foul Ball, location: 2F
1-1: Foul Ball, location: 2F
1-2: Ball
2-2: Strikes out swinging
Batting: RHB Tim Hulett 0-0: Foul Ball, location: 2F
0-1: Ball
1-1: Ball
2-1: Fly out, F3 (Popup, 23, EV 79.4 MPH)
Batting: RHB Bill R Moore 0-0: Ball
1-0: Called Strike
1-1: Ball
2-1: Called Strike
2-2: Foul Ball, location: 2F
2-2: Strikes out swinging
Bottom of the 10th over - 0 runs, 1 hit, 0 errors, 1 left on base; Montgomery 6 - Birmingham 6
TOP OF THE 11TH
Montgomery Rebels batting - Pitching for Birmingham Barons : RHP Danny Castillo
Pinch Hitting: LHB Dustin Hipp 0-0: Ball
1-0: Called Strike
1-1: Ball
2-1: Ground out 1-3 (Groundball, 13, EV 69.4 MPH)
Pinch Hitting: RHB Glenn Williams 0-0: Called Strike
0-1: Fly out, F7 (Flyball, 78M, EV 84.4 MPH)
Batting: LHB Michael Shinn 0-0: Ball
1-0: Ground out 4-3 (Groundball, 4, EV 101.3 MPH)
Top of the 11th over - 0 runs, 0 hits, 0 errors, 0 left on base; Montgomery 6 - Birmingham 6
BOTTOM OF THE 11TH
Birmingham Barons batting - Pitching for Montgomery Rebels : RHP Lee Smith
Now at 2B: Billy Malpas
Now at SS: Frank Moisa
Batting: LHB Vernon Ramie 0-0: Ball
1-0: Ball
2-0: Foul Ball, location: 2F
2-1: Ball
3-1: Foul Ball, location: 2F
3-2: Foul Ball, location: 2F
3-2: Fly out, F8 (Flyball, 8LM, EV 85.6 MPH)
Batting: RHB Daniel Johnson 0-0: Called Strike
0-1: Called Strike
0-2: Hit by Pitch
Batting: LHB Joe Szekely 0-0: Ball
1-0: Fly out, F8 (Flyball, 8LM, EV 90.0 MPH)
Batting: RHB Rod Johnson 0-0: Called Strike
0-1: Foul Ball, location: 2F
0-2: Ball
1-2: Strikes out swinging
Bottom of the 11th over - 0 runs, 0 hits, 0 errors, 1 left on base; Montgomery 6 - Birmingham 6
TOP OF THE 12TH
Montgomery Rebels batting - Pitching for Birmingham Barons : RHP Danny Castillo
Batting: SHB Arthur Fischetti 0-0: Ball
1-0: Called Strike
1-1: Called Strike
1-2: Fly out, F7 (Flyball, 7S, EV 88.8 MPH)
Batting: LHB Dwayne Murphy 0-0: SOLO HOME RUN (Flyball, 9D, EV 109.4 MPH), Distance : 384 ft
Batting: LHB Ray Crowley 0-0: Called Strike
0-1: Ball
1-1: Ball
2-1: Ball
3-1: Base on Balls
Batting: RHB Milt Jefferson 0-0: Called Strike
0-1: Ball
1-1: Swinging Strike
1-2: Strikes out swinging
Batting: RHB Nate Tria 0-0: Ball
1-0: Ball
2-0: Called Strike
2-1: Fly out, F7 (Flyball, 78M, EV 85.0 MPH)
Top of the 12th over - 1 run, 1 hit, 0 errors, 1 left on base; Montgomery 7 - Birmingham 6
BOTTOM OF THE 12TH
Birmingham Barons batting - Pitching for Montgomery Rebels : RHP Lee Smith
Pinch Hitting: RHB Jim Wilson 0-0: Called Strike
0-1: Foul Ball, location: 2F
0-2: SINGLE (Groundball, 34S, EV 83.1 MPH) (infield hit)
Batting: RHB Bob Bathe 0-0: Ball
1-0: Ball
2-0: Foul Ball, location: 2F
2-1: Ball
3-1: Base on Balls
Jim Wilson to second
Batting: RHB Robin Townley 0-0: Grounds into double play, 6-4-3 (Groundball, 6M, EV 95.6 MPH)
Jim Wilson to third
Batting: RHB Tim Hulett 0-0: Fly out, F7 (Flyball, 7LM, EV 96.9 MPH)
Bottom of the 12th over - 0 runs, 1 hit, 0 errors, 1 left on base; Montgomery 7 - Birmingham 6
Thursday, August 6th, 2020 - OOTP Baseball 21.5 Build 76